 1596579 dacat99 the Conqueror (level 26, 292/292 HPs)
             Began as a Minotaur Fighter on Apr 21, 2023.
             Was the Champion of the Shining One.
             Escaped with the Orb
             ... and 3 runes on Apr 27, 2023!
             The game lasted 04:04:04 (77781 turns).

Dungeon Crawl Stone Soup version 0.30-a0-1116-gebefce21f7 (webtiles) character file.

Game seed: 8100205227402876859

dacat99 the Conqueror (Minotaur Fighter)           Turns: 77781, Time: 04:04:05

Health: 292/292    AC: 54    Str: 46    XL:     26   Next: 82%
Magic:  37/37      EV: 12    Int:  9    God:    the Shining One [******]
Gold:   6155       SH: 23    Dex: 12    Spells: 25/25 levels left

rFire   + + +      SeeInvis .    a - +18 lance "Wyrmbane" {slay drac, rPois rF+ rC+ AC+3}
rCold   + + +      Faith    .    Q - +0 tower shield
rNeg    + + +      Spirit   .    D - +11 crystal plate armour {rC+}
rPois   +          Reflect  .    v - +2 hat of the Sky {Contam Will+ Regen+}
rElec   .          Rampage  .    Z - +2 cloak {Will+}
rCorr   .                        I - +1 pair of gloves of Understanding {Str+3 Dex+3 Slay+3 Stlth+}
Will    +++++                    J - +0 pair of boots of the Pirate {rF+ Int+2} Stlth
                                 q - amulet of regeneration
HPRegen 2.28/turn                X - ring "Sylasti" {Will+ Str+6 Int+2 Dex-3}
MPRegen 0.25/turn                y - ring of the Barracuda {rF+ Will+ Str+6}

@: glowing, studying 2 skills
A: horns 2, retaliatory headbutt, cold resistance 1, deterioration 1, robust 1,
screaming 1, shaggy fur 1, MP-powered wands
0: Orb of Zot
}: 3/15 runes: serpentine, barnacled, slimy
a: Renounce Religion, Divine Shield, Cleansing Flame, Summon Divine Warrior


   Skills:
 O Level 27 Fighting
 - Level 18.0(20.8) Axes
 - Level 17.6(20.6) Polearms
 - Level 16.0 Throwing
 - Level 22.5 Armour
 - Level 11.0 Dodging
 - Level 25.0 Shields
 + Level 22.2 Invocations
 - Level 9.0 Evocations

Action                     |  1- 3 |  4- 6 |  7- 9 | 10-12 | 13-15 | 16-18 | 19-21 | 22-24 | 25-27 || total
---------------------------+-------+-------+-------+-------+-------+-------+-------+-------+-------++-------
  Melee: War axe           |   103 |    80 |   272 |    82 |       |       |       |       |       ||   537
         Headbutt          |    14 |     9 |    57 |   106 |   185 |   292 |   420 |   582 |   459 ||  2124
         Broad axe         |       |       |       |   320 |   860 |  1167 |  1400 |   246 |   376 ||  4369
         Unarmed           |       |       |       |     6 |       |       |       |       |       ||     6
         Kick              |       |       |       |       |       |   375 |   303 |       |       ||   678
         Lance             |       |       |       |       |       |       |       |  1723 |  1077 ||  2800
  Throw: Stone             |     6 |    12 |     3 |       |       |       |       |       |       ||    21
         Dart              |       |     6 |    19 |    41 |       |       |       |       |       ||    66
         Javelin           |       |       |       |       |     2 |     5 |     6 |     8 |       ||    21
         Boomerang         |       |       |       |       |       |    70 |    16 |     1 |       ||    87
 Invoke: Heroism           |       |       |     2 |    14 |     8 |    14 |    10 |     4 |       ||    52
         Finesse           |       |       |       |     2 |     3 |     5 |     5 |     2 |       ||    17
         Duel              |       |       |       |       |       |       |     1 |       |       ||     1
         Brand Weapon With |       |       |       |       |       |       |       |       |     1 ||     1
Ability: Evoke Blink       |       |       |       |       |       |       |       |       |     3 ||     3
  Evoke: Wand              |       |       |       |     9 |       |    14 |     1 |    14 |     4 ||    42
         Condenser vane    |       |       |       |       |       |       |     3 |     1 |     1 ||     5
         Phial of floods   |       |       |       |       |       |       |     1 |       |       ||     1
    Use: Scroll            |       |     3 |     1 |     9 |    15 |    12 |       |     1 |    21 ||    62
         Potion            |       |     1 |     1 |     1 |     3 |     3 |    11 |     6 |     4 ||    30
   Stab: Sleeping          |       |       |     1 |       |       |       |       |       |       ||     1
         Invisible         |       |       |       |       |       |       |     1 |       |       ||     1
         Distracted        |       |       |       |       |       |       |       |     1 |       ||     1
 Armour: Scale mail        |    40 |    43 |    23 |       |       |       |       |       |       ||   106
         Troll leather arm |       |       |    49 |     4 |       |       |       |       |       ||    53
         Chain mail        |       |       |       |    41 |       |       |       |       |       ||    41
         Plate armour      |       |       |       |   135 |   420 |   480 |   496 |   517 |   136 ||  2184
         Crystal plate arm |       |       |       |       |       |       |       |       |   246 ||   246
  Dodge: Dodged            |    68 |    26 |   116 |   126 |   220 |   299 |   315 |   332 |   220 ||  1722
  Block: Buckler           |    23 |    21 |    46 |    47 |       |       |       |       |       ||   137
         Kite shield       |       |       |       |    54 |   616 |   948 |   715 |       |       ||  2333
         Reflection        |       |       |       |       |    44 |   107 |     8 |    21 |     3 ||   183
         Tower shield      |       |       |       |       |       |       |     2 |  1076 |   867 ||  1945


You had 25 spell levels left.
You didn't know any spells.
Your spell library contained the following spells:

 Spells                   Type           Power      Damage    Failure   Level
 Sting                    Tmut/Pois      0%         1d3       90%         1
 Blink                    Tloc           0%         N/A       97%         2
 Lesser Beckoning         Tloc           0%         N/A       97%         2
 Poisonous Vapours        Pois/Air       0%         N/A       97%         2
 Static Discharge         Conj/Air       0%         2-2/arc   97%         2
 Call Canine Familiar     Summ           0%         N/A       99%         3
 Gell's Gravitas          Tloc           0%         N/A       99%         3
 Mephitic Cloud           Conj/Pois/Air  0%         N/A       99%         3
 Portal Projectile        Hex/Tloc       0%         N/A       99%         3
 Swiftness                Air            0%         N/A       99%         3
 Teleport Other           Tloc           0%         N/A       99%         3
 Airstrike                Air            0%         2d(0-16)  100%        4
 Cause Fear               Hex            0%         N/A       100%        4
 Leda's Liquefaction      Hex/Erth       0%         N/A       100%        4
 Manifold Assault         Tloc           0%         N/A       100%        4
 Olgreb's Toxic Radiance  Pois           0%         N/A       100%        4
 Arcjolt                  Conj/Air       0%         1d10      100%        5
 Freezing Cloud           Conj/Ice/Air   0%         6-21      100%        5
 Simulacrum               Ice/Necr       0%         N/A       100%        6
 Dragon Form              Tmut           0%         N/A       100%        7
 Ozocubu's Refrigeration  Ice            0%         4d7       100%        7
 Storm Form               Tmut/Air       0%         N/A       100%        7
 Dragon's Call            Summ           0%         N/A       100%        9

Inventory:

Hand Weapons
 a - the +18 lance "Wyrmbane" (weapon) {slay drac, rPois rF+ rC+ AC+3}
   (You took it off a salamander on level 3 of the Snake Pit)

   AC:        It affects your AC (+3).
   rF:        It protects you from fire.
   rC:        It protects you from cold.
   rPois:     It protects you from poison.
 b - a +9 broad axe of holy wrath
   (You took it off Saint Roka on level 1 of the Crypt)
 c - the +8 mithril axe "Arga" {speed, Will+}
   (You bought it in a shop in a bazaar)

   Will:      It increases your willpower.
Missiles
 C - 21 javelins (quivered)
 E - 10 silver boomerangs
 U - a throwing net {!f@Q4}
 W - 30 silver javelins
Armour
 g - the scarf of Tisaclim {rC+ rF+, Dex+4}
   (Okawaru gifted it to you on level 3 of the Shoals)

   Dex:       It affects your dexterity (+4).
 v - the +2 hat of the Sky (worn) {Contam Will+ Regen+}
   (Okawaru gifted it to you on level 1 of the Pits of Slime)

   Contam:    It causes magical contamination when unequipped.
   Regen:     It increases your rate of health regeneration.
   Will:      It increases your willpower.
 D - a +11 crystal plate armour of cold resistance (worn)
   (You found it in an ice cave)
 I - the +1 pair of gloves of Understanding (worn) {Str+3 Dex+3 Slay+3 Stlth+}
   (You bought it in a shop on level 7 of the Dungeon)

   Str:       It affects your strength (+3).
   Dex:       It affects your dexterity (+3).
   Slay:      It affects your accuracy & damage with ranged weapons and melee
   (+3).
   Stlth:     It makes you more stealthy.
 J - the +0 pair of boots of the Pirate (worn) {rF+ Int+2}
   (You found it on level 4 of the Shoals)

   Int:       It affects your intelligence (+2).
   rF:        It protects you from fire.
 Q - a +0 tower shield (worn)
   (You took it off a naga warrior on level 4 of the Snake Pit)
 Z - a +2 cloak of willpower (worn)
   (You found it on level 3 of the Lair of Beasts)
Jewellery
 h - the ring of the Tormentor {rElec MP+9 Slay+2}
   (You bought it in a shop on level 2 of the Orcish Mines)

   [ring of magical power]

   Slay:      It affects your accuracy & damage with ranged weapons and melee
   (+2).
   rElec:     It insulates you from electricity.
   MP:        It affects your magic capacity (+9).
 k - the amulet "Omobbogo" {Reflect +Blink rPois rN+ SH+5}
   (You took it off a deep elf pyromancer on level 3 of the Elven Halls)

   [amulet of reflection]

   It reflects blocked missile attacks.
   rPois:     It protects you from poison.
   rN:        It protects you from negative energy.
   +Blink:    It lets you blink.
   SH:        It affects your SH (+5).
 q - an amulet of regeneration (around neck)
   (You took it off a deep elf demonologist on level 3 of the Elven Halls)
 y - the ring of the Barracuda (right hand) {rF+ Will+ Str+6}
   (You found it on level 5 of the Pits of Slime)

   [ring of strength]

   Str:       It affects your strength (+6).
   rF:        It protects you from fire.
   Will:      It increases your willpower.
 M - the ring of Eternal Harmony {rF- rC+ Dex+4 Slay+3 Stlth+}
   (You found it in a treasure trove)

   [ring of protection from cold]

   Dex:       It affects your dexterity (+4).
   Slay:      It affects your accuracy & damage with ranged weapons and melee
   (+3).
   rF:        It makes you vulnerable to fire.
   rC:        It protects you from cold.
   Stlth:     It makes you more stealthy.
 T - the amulet of the Four Winds {rN+ Will+++ Clar}
   (You found it on level 3 of the Elven Halls)

   [amulet of nothing]

   rN:        It protects you from negative energy.
   Clar:      It protects you against confusion.
   Will:      It greatly increases your willpower.
 X - the ring "Sylasti" (left hand) {Will+ Str+6 Int+2 Dex-3}
   (You found it on level 3 of the Elven Halls)

   [ring of strength]

   Str:       It affects your strength (+6).
   Int:       It affects your intelligence (+2).
   Dex:       It affects your dexterity (-3).
   Will:      It increases your willpower.
Wands
 i - a wand of digging (10) {@v1}
   (You found it in a treasure trove)
 V - a wand of iceblast (65) {@v4}
   (You took it off an orc priest on level 11 of the Dungeon)
Scrolls
 d - 7 scrolls of immolation
 r - 4 scrolls of poison
 t - 10 scrolls of fear
 u - 11 scrolls of vulnerability
 A - 9 scrolls of blinking {@r4}
 B - 10 scrolls of silence {!r}
 F - 19 scrolls of teleportation {@r3}
 G - 9 scrolls of magic mapping
 K - 6 scrolls of fog
Potions
 e - 5 potions of resistance {@q6}
 f - 11 potions of heal wounds {@q2}
 j - 11 potions of magic
 l - 7 potions of might {@q4}
 o - 16 potions of curing {@q1}
 p - 6 potions of brilliance
 w - 4 potions of flight
 x - 5 potions of cancellation
 z - 8 potions of haste {@q3}
 H - 14 potions of mutation {!q}
 R - a potion of ambrosia
 S - 6 potions of invisibility
Miscellaneous
 n - a lightning rod (4/4)
   (You found it in a Gauntlet)
 s - a condenser vane
   (You found it on level 4 of the Shoals)
 Y - a phial of floods
   (You found it on level 4 of the Snake Pit)


Innate Abilities, Weirdness & Mutations

You have a pair of horns on your head.
You reflexively headbutt those who attack you in melee.
Your flesh is cold resistant. (rC+)
Your body sometimes deteriorates upon taking damage.
You are robust. (+10% HP)
You occasionally shout uncontrollably at your foes.
You are covered in fur. (AC +1)
You expend magic power (3 MP) to strengthen your wands.
You escaped.
You worshipped the Shining One.
The Shining One was exalted by your worship.
You visited 14 branches of the dungeon, and saw 57 of its levels.
You visited 1 bazaar.
You also visited: Trove, Sewer, Bailey, Gauntlet, Ice Cave, Volcano and Wizlab.
You collected 10641 gold pieces.
You spent 4486 gold pieces at shops.

Dungeon Overview and Level Annotations

Branches:
Dungeon (15/15)            Temple (1/1) D:4            Lair (5/5) D:11
 Shoals (4/4) Lair:2        Snake (4/4) Lair:2        Slime (5/5) Lair:5
    Orc (2/2) D:12            Elf (3/3) Orc:2        Vaults (4/5) D:13
  Crypt (3/3) Vaults:3       Tomb (1/3) Crypt:3      Depths (4/4) D:15
   Hell (visited)             Dis (0/7) Hell            Geh (0/7) Hell
    Coc (0/7) Hell            Tar (0/7) Hell            Zot (5/5) Depths:4
  Sewer (visited)          Bailey (visited)           IceCv (visited)
Volcano (visited)          WizLab (visited)         Gauntlet (visited)

Altars:
Ashenzari
Cheibriados
Dithmenos
Elyvilon
Fedhas
Gozag
Hepliaklqana
Kikubaaqudgha
Makhleb
Nemelex Xobeh
Okawaru
Qazlal
Ru
Sif Muna
Trog
Uskayaw
Vehumet
Wu Jian
Xom
Yredelemnul
Zin
The Shining One
Lugonu

Shops:
D:7 [   D:9 [   D:11 !   D:13 (   Orc:2 [*=(   Elf:1 *   Elf:2 =[[   Shoals:3 :
Snake:2 ?[([   Vaults:4 :

Portals:
Hell: Depths:1 Depths:2 Depths:3 Depths:4
Abyss: Depths:1 Depths:3
Pandemonium: Depths:2
Ziggurat: Depths:1

Annotations:
D:2 sigmund!
D:7 1 runed translucent door
Lair:1 !get the scroll of blinking from door
Shoals:2 3 runed translucent doors, Onluw's ghost, adept DsWn
Snake:1 Roxanne
Elf:2 3 runed translucent doors
Depths:4 exclusion: door
Zot:1 4 transporters
Zot:2 exclusions: 2 downstairs, draconian scorcher and 3 draconian stormcallers
Zot:3 1 transporter, exclusion: upstairs
Zot:5 7 exclusions

Notes
Turn   | Place    | Note
-------+----------+-------------------------------------------
     0 | D:1      | dacat99 the Minotaur Fighter began the quest for the Orb.
     0 | D:1      | Reached XP level 1. HP: 19/19 MP: 0/0
   107 | D:1      | Reached XP level 2. HP: 27/27 MP: 1/1
   507 | D:1      | Reached XP level 3. HP: 33/33 MP: 2/2
   817 | D:2      | Noticed Sigmund
  1138 | D:2      | Reached skill level 5 in Axes
  1262 | D:2      | Identified the +3 leather armour of Wevial {Rampage rElec
                  | Will+}
  1540 | D:3      | Reached XP level 4. HP: 30/40 MP: 3/3
  1998 | D:3      | Reached XP level 5. HP: 32/46 MP: 4/4
  2385 | D:4      | Noticed an ogre
  2499 | D:4      | Killed an ogre
  2500 | D:4      | Reached XP level 6. HP: 46/52 MP: 5/5
  2642 | D:4      | Noticed Menkaure
  2646 | D:4      | Killed Menkaure
  2945 | D:4      | Reached skill level 1 in Throwing
  2945 | D:4      | Reached XP level 7. HP: 41/58 MP: 6/6
  3264 | D:4      | Found a hide-covered altar of Uskayaw.
  3271 | D:4      | Found a staircase to the Ecumenical Temple.
  3283 | Temple   | Entered the Ecumenical Temple
  3386 | Temple   | Became a worshipper of Warmaster Okawaru
  3618 | D:5      | Entered Level 5 of the Dungeon
  3668 | D:5      | Reached skill level 4 in Fighting
  3668 | D:5      | Reached skill level 1 in Dodging
  3968 | D:5      | Found a glowing drain.
  3973 | Sewer    | Entered a sewer
  4010 | Sewer    | Noticed Pargi
  4022 | Sewer    | Killed Pargi
  4303 | D:5      | Found a shadowy altar of Dithmenos.
  4317 | D:5      | Reached skill level 1 in Invocations
  4335 | D:5      | Reached skill level 5 in Fighting
  4419 | D:5      | Reached * piety under Okawaru
  4420 | D:5      | Reached XP level 8. HP: 62/68 MP: 8/8
  4531 | D:5      | Reached skill level 10 in Axes
  4657 | D:5      | Identified the +5 dagger "Byutehik" {chaos, Str+2}
  4777 | D:5      | Found an ornate altar of the Wu Jian Council.
  5212 | D:6      | Reached ** piety under Okawaru
  5258 | D:6      | Reached skill level 6 in Fighting
  5482 | D:6      | Found a sparkling altar of Nemelex Xobeh.
  5743 | D:6      | Reached XP level 9. HP: 63/75 MP: 10/10
  6383 | D:7      | Reached *** piety under Okawaru
  6523 | D:7      | Reached skill level 1 in Evocations
  6601 | D:7      | Found a blossoming altar of Fedhas.
  6613 | D:7      | Reached skill level 7 in Fighting
  6716 | D:7      | Found Pobraum's Antique Armour Shoppe.
  6721 | D:7      | Bought a pair of dazzling gloves for 275 gold pieces
  6721 | D:7      | Identified the +1 pair of gloves of Understanding {Str+3
                  | Dex+3 Slay+3 Stlth+} (You bought it in a shop on level 7 of
                  | the Dungeon)
  6754 | D:7      | Found a runed translucent door.
  6754 | D:7      | Noticed a sixfirhy
  6830 | D:7      | Found a burning altar of Makhleb.
  6830 | D:7      | Found a hazy altar of Hepliaklqana.
  6883 | D:7      | Reached XP level 10. HP: 86/86 MP: 12/12
  6937 | D:7      | Reached **** piety under Okawaru
  7080 | D:7      | Reached skill level 5 in Invocations
  7085 | D:7      | Reached skill level 8 in Fighting
  7288 | D:8      | Noticed Grum
  7338 | D:8      | Killed Grum
  7592 | D:8      | Reached skill level 5 in Armour
  7605 | D:8      | Found a glowing silver altar of Zin.
  8009 | D:8      | Noticed Pikel
  8031 | D:8      | Killed Pikel
  8032 | D:8      | Reached skill level 9 in Fighting
  8117 | D:8      | Noticed Maggie
  8146 | D:8      | Killed Maggie
  8225 | D:8      | Found a runed translucent door.
  8420 | D:8      | Found a basalt altar of Yredelemnul.
  8870 | D:2      | Killed Sigmund
  9045 | D:9      | Found a shimmering blue altar of Sif Muna.
  9143 | D:9      | Found an opulent altar of Gozag.
  9151 | D:9      | Reached XP level 11. HP: 94/99 MP: 14/14
  9173 | D:9      | Found Gaigux's Armour Boutique.
  9240 | D:9      | Found a stormy altar of Qazlal.
  9243 | D:9      | Found an ancient bone altar of Kikubaaqudgha.
  9269 | D:9      | Noticed a two-headed ogre
  9287 | D:9      | Killed a two-headed ogre
  9288 | D:9      | Reached skill level 10 in Fighting
  9332 | D:9      | Received a gift from Okawaru
 10260 | D:9      | Found a snail-covered altar of Cheibriados.
 10282 | D:10     | Entered Level 10 of the Dungeon
 10606 | D:10     | Found a flagged portal.
 10617 | Bailey   | Entered a bailey
 10757 | Bailey   | Reached skill level 5 in Throwing
 10777 | Bailey   | Reached ***** piety under Okawaru
 10777 | Bailey   | Received a gift from Okawaru
 10800 | Bailey   | Noticed a vault guard
 10816 | Bailey   | Noticed Prince Ribbit
 10818 | Bailey   | Killed a vault guard
 10824 | Bailey   | Noticed a vault guard
 10829 | Bailey   | Killed Prince Ribbit
 10847 | Bailey   | Killed a vault guard
 11187 | D:10     | Found a broken altar of Ashenzari.
 11474 | D:11     | Noticed a two-headed ogre
 11501 | D:11     | Killed a two-headed ogre
 11502 | D:11     | Reached skill level 5 in Shields
 11551 | D:11     | Noticed a two-headed ogre
 11563 | D:11     | Killed a two-headed ogre
 11617 | D:11     | Found Anib Ant's Distillery.
 11629 | D:11     | Reached XP level 12. HP: 90/108 MP: 17/17
 11634 | D:11     | Bought a potion of berserk rage for 75 gold pieces
 11634 | D:11     | Bought a potion of invisibility for 120 gold pieces
 11693 | D:11     | Received a gift from Okawaru
 11999 | D:11     | Found a staircase to the Lair.
 12134 | Lair:1   | Entered Level 1 of the Lair of Beasts
 12166 | Lair:1   | Reached skill level 11 in Fighting
 12210 | Lair:1   | Noticed a death yak
 12210 | Lair:1   | Noticed a death yak
 12210 | Lair:1   | Noticed a death yak
 12228 | Lair:1   | Killed a death yak
 12233 | Lair:1   | Killed a death yak
 12570 | Lair:1   | Noticed a death yak
 12570 | Lair:1   | Noticed a death yak
 12576 | Lair:1   | Killed a death yak
 12587 | Lair:1   | Killed a death yak
 12823 | Lair:1   | Noticed a death yak
 12831 | Lair:1   | Killed a death yak
 12831 | Lair:1   | Identified the +4 broad axe "Duoddum" {flame, Dex+2}
                  | (Okawaru gifted it to you on level 1 of the Lair of Beasts)
 12831 | Lair:1   | Received a gift from Okawaru
 12831 | Lair:1   | Noticed a death yak
 12832 | Lair:1   | Noticed a death yak
 12841 | Lair:1   | Killed a death yak
 12842 | Lair:1   | Reached skill level 12 in Fighting
 12842 | Lair:1   | Killed a death yak
 12846 | Lair:1   | Killed a death yak
 13359 | Lair:2   | Found a staircase to the Snake Pit.
 13603 | Lair:2   | Found a dark tunnel.
 13625 | Lair:2   | Reached skill level 13 in Fighting
 13669 | Volcano  | Entered a volcano
 13747 | Volcano  | Found a radiant altar of Vehumet.
 13759 | Volcano  | Received a gift from Okawaru
 13774 | Volcano  | Reached skill level 10 in Shields
 13794 | Volcano  | Reached XP level 13. HP: 90/122 MP: 18/18
 14321 | Lair:2   | Reached skill level 14 in Fighting
 14323 | Lair:2   | Received a gift from Okawaru
 14422 | Lair:2   | Noticed Amaemon
 14774 | Lair:2   | Found a staircase to the Shoals.
 15013 | Lair:2   | Killed Amaemon
 15161 | Lair:3   | Reached skill level 15 in Fighting
 16342 | Lair:4   | Reached skill level 15 in Axes
 16421 | Lair:4   | Reached ****** piety under Okawaru
 16508 | Lair:4   | Reached skill level 5 in Evocations
 16643 | Lair:4   | Received a gift from Okawaru
 16973 | Lair:4   | Reached skill level 16 in Fighting
 16976 | Lair:4   | Identified the +1 broad axe of Posetz {flame, rElec rC-
                  | MP-9 SInv} (Okawaru gifted it to you on level 4 of the Lair
                  | of Beasts)
 16976 | Lair:4   | Received a gift from Okawaru
 17334 | Lair:5   | Entered Level 5 of the Lair of Beasts
 17430 | Lair:5   | Found a runed translucent door.
 17446 | Lair:5   | Reached XP level 14. HP: 125/138 MP: 16/19
 17726 | Lair:5   | Found a staircase to the Slime Pits.
 17911 | Lair:5   | Received a gift from Okawaru
 18015 | Lair:5   | Reached skill level 17 in Fighting
 18192 | Lair:5   | Paralysed by a hornet for 2 turns
 18432 | Lair:5   | Found a shimmering altar of Xom.
 18432 | Lair:5   | Noticed leviel's ghost (journeyman HOFi)
 18432 | Lair:5   | Identified the +7 halberd "Mul Luwe" {chaos, rPois rCorr
                  | Dex-3}
 19327 | D:12     | Found a staircase to the Orcish Mines.
 19975 | D:13     | Noticed an ironbound preserver
 19986 | D:13     | Found a gate to the Vaults.
 19987 | D:13     | Killed an ironbound preserver
 20377 | D:13     | Found Leetirir's Antique Weapon Boutique.
 20551 | D:13     | Reached skill level 10 in Armour
 20775 | D:14     | Found a gate leading to a gauntlet.
 20794 | Gauntlet | Entered a Gauntlet
 20794 | Gauntlet | Found a transporter.
 20812 | Gauntlet | Found a transporter.
 20815 | Gauntlet | Found a transporter.
 20826 | Gauntlet | Found a transporter.
 20829 | Gauntlet | Found a transporter.
 20841 | Gauntlet | Found a transporter.
 20859 | Gauntlet | Found a transporter.
 20868 | Gauntlet | Found a transporter.
 20872 | Gauntlet | Found a transporter.
 20872 | Gauntlet | Found a transporter.
 20875 | Gauntlet | Found a runed translucent door.
 20882 | Gauntlet | Found a transporter.
 20886 | Gauntlet | Found a transporter.
 20907 | Gauntlet | Found a runed translucent door.
 20910 | Gauntlet | Found a transporter.
 20917 | Gauntlet | Found a runed translucent door.
 20924 | Gauntlet | Found a transporter.
 20980 | Gauntlet | Received a gift from Okawaru
 21302 | Gauntlet | Identified the +4 flail "Rahax" {antimagic, Dex+7}
 21303 | Gauntlet | Got Yraoxo's Compendium of Ice
 21418 | D:14     | Reached skill level 18 in Fighting
 21466 | D:14     | Reached XP level 15. HP: 149/149 MP: 21/21
 21485 | D:14     | Reached skill level 10 in Invocations
 21590 | D:14     | Got the Thoughts on Austromancy
 22007 | D:14     | Received a gift from Okawaru
 22106 | D:14     | Noticed Agnes
 22114 | D:14     | Killed Agnes
 22461 | Orc:1    | Entered Level 1 of the Orcish Mines
 22519 | Orc:1    | You fall into a shaft and drop 1 floor!
 22519 | Orc:2    | Entered Level 2 of the Orcish Mines
 22530 | Orc:2    | Noticed Urug
 22540 | Orc:2    | Killed Urug
 22586 | Orc:2    | Found Oxab's General Store.
 22612 | Orc:2    | Found Soudoz's Antique Armour Shoppe.
 22746 | Orc:2    | Received a gift from Okawaru
 22792 | Orc:2    | Found a radiant altar of Vehumet.
 22812 | Orc:2    | Found Maonoog's Jewellery Boutique.
 22879 | Orc:2    | Found a staircase to the Elven Halls.
 23292 | Orc:2    | Found Cecimu's Antique Weapon Shop.
 23694 | Orc:1    | Noticed Erolcha
 23705 | Orc:1    | Killed Erolcha
 23728 | Orc:1    | Identified the +4 double sword of the Thing {antimagic, rC+
                  | Stlth+} (Okawaru gifted it to you on level 1 of the Orcish
                  | Mines)
 23728 | Orc:1    | Received a gift from Okawaru
 24213 | D:15     | Entered Level 15 of the Dungeon
 24252 | D:15     | Noticed Kirke
 24273 | D:15     | Killed Kirke
 24820 | D:15     | Found a staircase to the Depths.
 25093 | D:15     | Noticed Nessos
 25107 | D:15     | Killed Nessos
 25298 | D:15     | Received a gift from Okawaru
 25742 | Shoals:1 | Entered Level 1 of the Shoals
 26056 | Shoals:1 | Received a gift from Okawaru
 26327 | Shoals:1 | Reached XP level 16. HP: 157/157 MP: 23/23
 26363 | Shoals:1 | Received a gift from Okawaru
 27022 | Shoals:2 | Found a runed translucent gate.
 27022 | Shoals:2 | Found a runed translucent gate.
 27022 | Shoals:2 | Found a runed translucent gate.
 27023 | Shoals:2 | Noticed Onluw's ghost (adept DsWn)
 27478 | Shoals:2 | Received a gift from Okawaru
 27556 | Shoals:2 | Received a gift from Okawaru
 27560 | Shoals:2 | Reached skill level 10 in Throwing
 27903 | Shoals:2 | Noticed a kraken
 27913 | Shoals:2 | Killed a kraken
 28023 | Shoals:3 | Found the ring of Shadows {Umbra +Inv Stlth+}
 28066 | Shoals:3 | Noticed Mara
 28091 | Shoals:3 | Killed Mara
 28335 | Shoals:3 | Received a gift from Okawaru
 28354 | Shoals:3 | Gained mutation: You have large cloven feet. [potion of
                  | mutation]
 28354 | Shoals:3 | Gained mutation: Your skin changes colour to match your
                  | surroundings (Stealth+). [potion of mutation]
 28471 | Shoals:3 | Found Quguov's Book Shoppe.
 28668 | Shoals:3 | Noticed a kraken
 28689 | Shoals:3 | Killed a kraken
 28689 | Shoals:3 | Identified the scarf of Tisaclim {rC+ rF+, Dex+4} (Okawaru
                  | gifted it to you on level 3 of the Shoals)
 28689 | Shoals:3 | Received a gift from Okawaru
 29275 | Shoals:4 | Entered Level 4 of the Shoals
 29746 | Shoals:4 | Found an ornate altar of the Wu Jian Council.
 29907 | Shoals:4 | Paralysed by an air elemental for 1 turns
 29910 | Shoals:4 | Paralysed by an air elemental for 1 turns
 30137 | Shoals:4 | Reached skill level 5 in Dodging
 30620 | Shoals:4 | Paralysed by an air elemental for 1 turns
 30622 | Shoals:4 | Paralysed by an air elemental for 1 turns
 30626 | Shoals:4 | Paralysed by an air elemental for 1 turns
 30629 | Shoals:4 | Reached XP level 17. HP: 120/165 MP: 26/26
 31298 | Shoals:4 | Identified the +4 troll leather armour of the Harvest Moon
                  | {Regen+ Int+6}
 31909 | Snake:1  | Entered Level 1 of the Snake Pit
 31951 | Snake:1  | Identified Roxanne's Encyclopedia of Earth
 31951 | Snake:1  | Noticed Roxanne
 32020 | Snake:1  | Received a gift from Okawaru
 32714 | Snake:1  | Noticed Aizul
 32716 | Snake:1  | Noticed Donald
 32726 | Snake:1  | Killed Aizul
 32730 | Snake:1  | Killed Donald
 33347 | Snake:1  | Received a gift from Okawaru
 33541 | Snake:2  | Found Iprucisk's Antique Weapon Shoppe.
 33568 | Snake:2  | Found Jogag's Armour Shop.
 33651 | Snake:2  | Found Moadeig's Magic Scroll Shop.
 33703 | Snake:2  | Received a gift from Okawaru
 34197 | Snake:2  | Found Xacoloh's Antique Armour Shoppe.
 34326 | Snake:2  | Reached skill level 19 in Fighting
 35251 | Snake:3  | Noticed Azrael
 35271 | Snake:3  | Killed Azrael
 35365 | Snake:3  | Received a gift from Okawaru
 35924 | Snake:3  | Reached XP level 18. HP: 123/176 MP: 27/27
 36367 | Snake:3  | Reached skill level 15 in Shields
 36935 | Snake:4  | Entered Level 4 of the Snake Pit
 36982 | Snake:4  | Found a frozen archway.
 37051 | IceCv    | Entered an ice cave
 37122 | IceCv    | Received a gift from Okawaru
 37304 | IceCv    | Identified the +6 broad axe of the Pyrrhic Victory {freeze,
                  | Int+4 Dex+2} (Okawaru gifted it to you in an ice cave)
 37304 | IceCv    | Received a gift from Okawaru
 37430 | IceCv    | Noticed an Ice Fiend
 37434 | IceCv    | Noticed an Ice Fiend
 37440 | IceCv    | Killed an Ice Fiend
 37444 | IceCv    | Killed an Ice Fiend
 37869 | Snake:4  | Found a snail-covered altar of Cheibriados.
 38048 | Snake:4  | Received a gift from Okawaru
 38327 | Snake:4  | Reached skill level 15 in Armour
 38662 | Snake:4  | Received a gift from Okawaru
 38707 | Snake:4  | Reached skill level 20 in Fighting
 38929 | Snake:4  | Got a serpentine rune of Zot
 39019 | Snake:4  | Received a gift from Okawaru
 39607 | Shoals:4 | Got a barnacled rune of Zot
 39608 | Shoals:4 | Identified the +0 pair of boots of the Pirate {rF+ Int+2}
 39964 | Orc:2    | Bought an amulet of regeneration for 510 gold pieces
 39964 | Orc:2    | Bought the ring of the Tormentor {rElec MP+9 Slay+2} for
                  | 720 gold pieces
 40467 | Elf:1    | Entered Level 1 of the Elven Halls
 40485 | Elf:1    | Found Kereg's General Store.
 40553 | Elf:1    | Received a gift from Okawaru
 40612 | Elf:1    | Found a flickering gateway to a bazaar.
 40621 | Bazaar   | Entered a bazaar
 40621 | Bazaar   | Found Empak's Armour Shoppe.
 40621 | Bazaar   | Found Xawozizima's Weapon Emporium.
 40623 | Bazaar   | Found Buofen's Assorted Antiques.
 40639 | Bazaar   | Found Pyjel's Magic Scroll Emporium.
 40643 | Bazaar   | Bought the +8 mithril axe "Arga" {speed, Will+} for 581
                  | gold pieces
 40643 | Bazaar   | Found the +8 mithril axe "Arga" {speed, Will+}
 40647 | Bazaar   | Bought a scroll of teleportation for 42 gold pieces
 40647 | Bazaar   | Bought 2 scrolls of identify for 56 gold pieces
 40647 | Bazaar   | Bought a scroll of fog for 56 gold pieces
 40647 | Bazaar   | Bought a scroll of identify for 28 gold pieces
 40647 | Bazaar   | Bought a scroll of teleportation for 42 gold pieces
 40662 | Bazaar   | Bought a potion of heal wounds for 115 gold pieces
 40906 | Elf:1    | Reached XP level 19. HP: 183/187 MP: 28/28
 41064 | Elf:1    | Received a gift from Okawaru
 41163 | Elf:1    | Paralysed by an air elemental for 1 turns
 41166 | Elf:1    | Paralysed by an air elemental for 1 turns
 41195 | Elf:1    | Received a gift from Okawaru
 41279 | Elf:1    | Found a runed translucent gate.
 41279 | Elf:1    | Found a runed translucent gate.
 41279 | Elf:1    | Found a runed translucent gate.
 41279 | Elf:1    | Found a runed translucent gate.
 41279 | Elf:1    | Found a runed translucent gate.
 41281 | Elf:1    | Found a runed translucent gate.
 41907 | Elf:2    | Found Foofufef's Armour Boutique.
 41998 | Elf:2    | Paralysed by an air elemental for 1 turns
 42103 | Elf:2    | Received a gift from Okawaru
 42249 | Elf:2    | Found a bloodstained altar of Trog.
 42254 | Elf:2    | Received a gift from Okawaru
 42255 | Elf:2    | Reached skill level 21 in Fighting
 42430 | Elf:2    | Found Ofala's Armour Emporium.
 42460 | Elf:2    | Found Qedavu's Jewellery Shoppe.
 42711 | Elf:2    | Found a runed translucent gate.
 42723 | Elf:2    | Found a runed translucent gate.
 42724 | Elf:2    | Found a runed translucent gate.
 42902 | Vaults:1 | Entered Level 1 of the Vaults
 43521 | Vaults:1 | Identified the +0 pair of gloves of the Sunfish {+Inv
                  | Dex+3} (Okawaru gifted it to you on level 1 of the Vaults)
 43521 | Vaults:1 | Received a gift from Okawaru
 44684 | Vaults:2 | Reached XP level 20. HP: 195/198 MP: 29/29
 44687 | Vaults:2 | Noticed Frederick
 44702 | Vaults:2 | Killed Frederick
 44730 | Vaults:2 | Identified the +2 scale mail of Ignis, Holding {SInv}
 45322 | Vaults:2 | Reached skill level 15 in Throwing
 45548 | Vaults:3 | Received a gift from Okawaru
 45656 | Vaults:3 | Reached skill level 22 in Fighting
 45813 | Vaults:3 | Found a staircase to the Crypt.
 45997 | Vaults:3 | Reached skill level 10 in Dodging
 46035 | Vaults:3 | Received a gift from Okawaru
 46316 | Vaults:4 | Found Sycabeedd's Book Shop.
 46454 | Vaults:4 | Received a gift from Okawaru
 46649 | Arena    | Entered the Arena
 47119 | Vaults:4 | Identified the +3 mace of Sin {holy, Str+3 Stlth+}
 47151 | Vaults:4 | Received a gift from Okawaru
 47820 | Elf:3    | Entered Level 3 of the Elven Halls
 47829 | Elf:3    | Reached XP level 21. HP: 175/207 MP: 30/30
 48016 | Elf:3    | Received a gift from Okawaru
 48859 | Elf:3    | Gained mutation: Armour fits poorly on your strangely
                  | shaped body. [a cacodemon]
 48876 | Elf:3    | Identified the +0 leather armour of Iketoh {Contam rC+
                  | Will+ Stlth+}
 48876 | Elf:3    | Identified a ring "Afrer" {Fire Str+3}
 48881 | Elf:3    | HP: 13/207 [Hell Sentinel[a deep elf demonologist] (14)]
 48943 | Elf:3    | Identified the +7 short sword of Zonout {protect, Int+2
                  | Stlth+}
 49074 | Elf:3    | Lost mutation: You have large cloven feet. [potion of
                  | mutation]
 49074 | Elf:3    | Lost mutation: Your skin changes colour to match your
                  | surroundings (Stealth+). [potion of mutation]
 49074 | Elf:3    | Gained mutation: You are agile. (Dex +4, Str/Int -1)
                  | [potion of mutation]
 49074 | Elf:3    | Gained mutation: You do not regenerate when monsters are
                  | visible. [potion of mutation]
 49075 | Elf:3    | Lost mutation: You are agile. (Dex +4, Str/Int -1) [potion
                  | of mutation]
 49075 | Elf:3    | Lost mutation: You do not regenerate when monsters are
                  | visible. [potion of mutation]
 49075 | Elf:3    | Gained mutation: You possess an exceptional clarity of
                  | mind. [potion of mutation]
 49075 | Elf:3    | Gained mutation: You are dopey. (Int -2) [potion of
                  | mutation]
 49075 | Elf:3    | Gained mutation: You are vulnerable to heat. (rF-) [potion
                  | of mutation]
 49076 | Elf:3    | Lost mutation: You are vulnerable to heat. (rF-) [potion of
                  | mutation]
 49076 | Elf:3    | Lost mutation: You are dopey. (Int -2) [potion of mutation]
 49076 | Elf:3    | Gained mutation: Your flesh is cold resistant. (rC+)
                  | [potion of mutation]
 49077 | Elf:3    | Lost mutation: Armour fits poorly on your strangely shaped
                  | body. [potion of mutation]
 49077 | Elf:3    | Lost mutation: Your flesh is cold resistant. (rC+) [potion
                  | of mutation]
 49077 | Elf:3    | Gained mutation: You have a somewhat thin skeletal
                  | structure. (Dex +2, Stealth+) [potion of mutation]
 49077 | Elf:3    | Gained mutation: You have a pair of large horns on your
                  | head. [potion of mutation]
 49078 | Elf:3    | Lost mutation: You have a somewhat thin skeletal structure.
                  | (Dex +2, Stealth+) [potion of mutation]
 49078 | Elf:3    | Lost mutation: You possess an exceptional clarity of mind.
                  | [potion of mutation]
 49078 | Elf:3    | Lost mutation: You have a pair of large horns on your head.
                  | [potion of mutation]
 49078 | Elf:3    | Gained mutation: You are robust. (+10% HP) [potion of
                  | mutation]
 49078 | Elf:3    | Gained mutation: Your flesh is cold resistant. (rC+)
                  | [potion of mutation]
 49078 | Elf:3    | Gained mutation: You expend magic power (3 MP) to
                  | strengthen your wands. [potion of mutation]
 49078 | Elf:3    | Gained mutation: You are covered in fur. (AC +1) [potion of
                  | mutation]
 49255 | Elf:3    | Noticed Nikola
 49281 | Elf:3    | Killed Nikola
 49316 | Elf:3    | Identified the amulet "Omobbogo" {Reflect +Blink rPois rN+
                  | SH+5}
 49329 | Elf:3    | Identified a scroll of acquirement
 49395 | Elf:3    | Received a gift from Okawaru
 49831 | Elf:3    | Found the +3 Elemental Staff {rElec rF+ rC+ AC+3}
 49843 | Elf:3    | Identified the staff of conjuration "Xuyhoip" {rN+}
 49843 | Elf:3    | Found the amulet of the Four Winds {rN+ Will+++ Clar}
 49868 | Elf:3    | Identified the ring "Sylasti" {Will+ Str+6 Int+2 Dex-3}
 49873 | Elf:3    | Identified the staff of fire "Xunt" {rPois rF+ Str+3}
 49877 | Elf:3    | Identified the +2 mace "Siruh" {holy, rElec Str+3 Int+2
                  | Dex+2}
 49908 | Elf:3    | Identified the amulet of Divine Compulsion {RegenMP Will-
                  | rCorr Dex+9 Stlth+}
 49956 | Elf:3    | Found the +3 greatsling "Punk" {acid, rCorr}
 50485 | Depths:1 | Entered Level 1 of the Depths
 50556 | Depths:1 | Received a gift from Okawaru
 50734 | Depths:1 | Identified the +1 ring mail of Beogh's Vengeance {rPois rF+
                  | Int+5}
 50749 | Depths:1 | Found a corrupted altar of Lugonu.
 50750 | Depths:1 | Found a one-way gate to the infinite horrors of the Abyss.
 50811 | Depths:1 | Noticed a caustic shrike
 50811 | Depths:1 | Noticed a juggernaut
 50816 | Depths:1 | Noticed a golden dragon
 51005 | Depths:1 | Found a one-way gateway to a ziggurat.
 51007 | Depths:1 | Noticed Bai Suzhen
 51029 | Depths:1 | Killed Bai Suzhen
 51074 | Depths:1 | Noticed Sojobo
 51115 | Depths:1 | Paralysed by an air elemental for 1 turns
 51134 | Depths:1 | Killed Sojobo
 51142 | Depths:1 | Received a gift from Okawaru
 51525 | Depths:1 | Found a gateway to Hell.
 51986 | Depths:2 | Received a gift from Okawaru
 52130 | Depths:2 | Found a one-way gate leading to the halls of Pandemonium.
 52318 | Depths:2 | Found a magical portal.
 52338 | WizLab   | Entered Iskenderun's Mystic Tower
 53106 | WizLab   | Received a gift from Okawaru
 53107 | WizLab   | Reached XP level 22. HP: 227/236 MP: 31/31
 53544 | Depths:2 | Found a portal to a secret trove of treasure.
 54014 | Depths:2 | Noticed a caustic shrike
 54027 | Depths:2 | Killed a caustic shrike
 54034 | Depths:2 | Noticed a caustic shrike
 54044 | Depths:2 | Killed a caustic shrike
 54065 | Depths:2 | Identified the +0 scale mail of Catatonia {Rampage +Inv
                  | rN+} (Okawaru gifted it to you on level 2 of the Depths)
 54065 | Depths:2 | Received a gift from Okawaru
 54098 | Depths:2 | Noticed a caustic shrike
 54115 | Depths:2 | Killed a caustic shrike
 54554 | Depths:2 | Found an iron altar of Okawaru.
 54778 | Depths:2 | Found a basalt altar of Yredelemnul.
 55784 | Elf:2    | Bought a +0 pair of boots of rampaging for 161 gold pieces
 56392 | Depths:3 | Received a gift from Okawaru
 56794 | Depths:3 | Reached skill level 1 in Polearms
 57464 | Depths:3 | Reached skill level 15 in Invocations
 57705 | Depths:4 | Entered Level 4 of the Depths
 58197 | Depths:4 | Reached XP level 23. HP: 231/245 MP: 33/33
 58867 | Depths:4 | Received a gift from Okawaru
 58915 | Depths:4 | Found a gate to the Realm of Zot.
 59976 | Snake:2  | Bought a scroll of silence for 171 gold pieces
 59976 | Snake:2  | Bought a scroll of blinking for 135 gold pieces
 59976 | Snake:2  | Bought a scroll of enchant armour for 135 gold pieces
 60083 | Lair:5   | Killed leviel's ghost
 60124 | Slime:1  | Entered Level 1 of the Pits of Slime
 60351 | Slime:1  | Reached skill level 23 in Fighting
 60394 | Slime:1  | Identified the +2 hat of the Sky {Contam Will+ Regen+}
                  | (Okawaru gifted it to you on level 1 of the Pits of Slime)
 60394 | Slime:1  | Received a gift from Okawaru
 60873 | Slime:5  | Entered Level 5 of the Pits of Slime
 60979 | Slime:5  | Reached skill level 24 in Fighting
 60994 | Slime:5  | Noticed the Royal Jelly
 61010 | Slime:5  | Killed the Royal Jelly
 61158 | Slime:5  | Identified the +1 trident of Ycaunar {freeze, *Slow Str+2
                  | Int+3 Dex+3}
 61160 | Slime:5  | Identified the ring of the Barracuda {rF+ Will+ Str+6}
 61162 | Slime:5  | Identified the +2 war axe of the Lonely Nights {pain, Str+6
                  | Int-2}
 61196 | Slime:5  | Got a slimy rune of Zot
 61207 | Slime:5  | Identified the +7 hand axe of Recklessness {holy, rN+
                  | Dex+5}
 61446 | Snake:2  | Bought a bloodstained plate armour for 980 gold pieces
 61446 | Snake:2  | Identified the +1 plate armour "Put-Me-On" {Fly} (You
                  | bought it in a shop on level 2 of the Snake Pit)
 61775 | Zot:1    | Entered Level 1 of the Realm of Zot
 61780 | Zot:1    | Noticed an orb of fire
 61798 | Zot:1    | Gained mutation: You occasionally shout uncontrollably at
                  | your foes. [an orb of fire]
 61802 | Zot:1    | Killed an orb of fire
 61869 | Zot:1    | Reached skill level 25 in Fighting
 61931 | Zot:1    | Found a transporter.
 61956 | Zot:1    | Found a transporter.
 61982 | Zot:1    | Found a transporter.
 61986 | Zot:1    | Found a transporter.
 62043 | Zot:1    | Reached skill level 5 in Polearms
 62227 | Zot:1    | Received a gift from Okawaru
 62299 | Zot:1    | Reached skill level 10 in Polearms
 62827 | Zot:2    | Reached XP level 24. HP: 266/266 MP: 33/33
 63649 | Zot:2    | Noticed a Killer Klown
 63678 | Zot:2    | Killed a Killer Klown
 63682 | Zot:2    | Reached skill level 15 in Polearms
 63774 | Zot:2    | Identified the +7 hand axe "Eroh" {flame, *Corrode Str+2
                  | SInv Stlth+} (Okawaru gifted it to you on level 2 of the
                  | Realm of Zot)
 63774 | Zot:2    | Received a gift from Okawaru
 64228 | Zot:2    | HP: 26/266 [rime drake/icy flash freeze[a white draconian
                  | stormcaller] (14)]
 64568 | Zot:3    | Found the +0 mask of the Dragon {Will+ Slay+3 SInv}
 64602 | Zot:3    | Found a transporter.
 64992 | Zot:3    | Identified the +1 dagger of Fundamental Breach {flame,
                  | rElec rCorr Str-2 Int+7}
 65714 | Zot:4    | Received a gift from Okawaru
 65940 | Zot:4    | Reached skill level 26 in Fighting
 66039 | Zot:4    | Found the +4 dragonskin cloak
 66039 | Zot:4    | Noticed Tiamat
 66072 | Zot:4    | Killed Tiamat
 66080 | Zot:4    | Received a gift from Okawaru
 66117 | Zot:4    | Identified the +1 hat of the Raven {Fly Int-4 SInv Stlth+}
                  | (Okawaru gifted it to you on level 4 of the Realm of Zot)
 66117 | Zot:4    | Received a gift from Okawaru
 66522 | Zot:4    | Reached skill level 27 in Fighting
 67821 | Trove    | Entered a treasure trove
 67828 | Trove    | Identified the +1 hand axe "Undertaker" {drain, Fly Dex+2}
 67831 | Trove    | Identified the +5 lajatang of the Common Good {vamp,
                  | Stlth+}
 67832 | Trove    | Identified the amulet of Umaqar {RegenMP rC+}
 67839 | Trove    | Identified the +4 scale mail "Gepurad" {rElec rF+ Will-}
 67841 | Trove    | Identified the scarf of Liberty {repulsion, rN+}
 67842 | Trove    | Identified the +7 mace "Eroisaq" {drain, Fly rCorr Int+3}
 67843 | Trove    | Identified the ring of Eternal Harmony {rF- rC+ Dex+4
                  | Slay+3 Stlth+}
 68289 | Temple   | Fell from the grace of Okawaru
 68289 | Temple   | Became a worshipper of the Shining One
 68692 | Crypt:1  | Entered Level 1 of the Crypt
 68732 | Crypt:1  | Reached * piety under the Shining One
 68998 | Crypt:1  | Reached ** piety under the Shining One
 69035 | Crypt:1  | Noticed Saint Roka
 69058 | Crypt:1  | Killed Saint Roka
 69059 | Crypt:1  | Reached XP level 25. HP: 266/282 MP: 33/33
 69110 | Crypt:1  | Reached *** piety under the Shining One
 69406 | Crypt:1  | Reached **** piety under the Shining One
 69564 | Crypt:2  | Found an ancient bone altar of Kikubaaqudgha.
 69668 | Crypt:2  | Noticed Zenata
 69677 | Crypt:2  | Killed Zenata
 69705 | Crypt:2  | Reached ***** piety under the Shining One
 70198 | Crypt:3  | Entered Level 3 of the Crypt
 70356 | Crypt:3  | Reached ****** piety under the Shining One
 70403 | Crypt:3  | Found a basalt altar of Yredelemnul.
 70526 | Crypt:3  | Noticed a dread lich
 70538 | Crypt:3  | Killed a dread lich
 70560 | Crypt:3  | Identified the staff of conjuration "Hekh" {Fly rN+ Dex-3}
 70791 | Crypt:3  | Identified the ring of Elyvilon's Envy {rPois rF+++ rN+
                  | Str-5 Dex-5}
 70791 | Crypt:3  | Identified the ring of Lawo {rN+ Will- Str+3 Int+4 Stlth+}
 71633 | Crypt:3  | Found a staircase to the Tomb.
 71717 | Crypt:1  | Acquired 708 gold pieces
 71719 | Crypt:1  | Identified a +7 broad axe of holy wrath (a +5 heavy broad
                  | axe blessed by the Shining One)
 71719 | Crypt:1  | Received a gift from the Shining One
 72002 | Elf:1    | Bought a scroll of enchant armour for 142 gold pieces
 72002 | Elf:1    | Bought a scroll of blinking for 142 gold pieces
 72790 | Tomb:1   | Entered Level 1 of the Tomb of the Ancients
 72854 | Tomb:1   | Identified the +1 robe of the Ego {Int+2}
 72982 | Tomb:1   | Identified the +2 hand axe of Prudence {speed, rPois rN+
                  | MP+9}
 73095 | Tomb:1   | Noticed a royal mummy
 73122 | Tomb:1   | Killed a royal mummy
 73671 | Tomb:1   | Noticed a royal mummy
 73677 | Tomb:1   | Killed a royal mummy
 74433 | Hell     | Entered the Vestibule of Hell
 74433 | Hell     | Noticed Geryon
 74446 | Hell     | Noticed Murray
 74555 | Hell     | Killed Murray
 74580 | Depths:1 | Was forgiven by Okawaru
 74740 | Depths:1 | Reached XP level 26. HP: 292/292 MP: 35/35
 74920 | Hell     | Killed Geryon
 75075 | Hell     | Found a gateway to the decaying netherworld of Tartarus.
 75136 | Hell     | Found a gateway to the ashen valley of Gehenna.
 75252 | Hell     | Found a gateway to the Iron City of Dis.
 75347 | Hell     | Found a gateway to the freezing wastes of Cocytus.
 75646 | Zot:5    | Entered Level 5 of the Realm of Zot
 76065 | Zot:5    | Noticed a dread lich
 76078 | Zot:5    | Killed a dread lich
 76283 | Zot:5    | Noticed an orb of fire
 76316 | Zot:5    | Killed an orb of fire
 76337 | Zot:5    | Noticed an orb of fire
 76357 | Zot:5    | Killed an orb of fire
 76618 | Zot:5    | Noticed a dread lich
 76626 | Zot:5    | Killed a dread lich
 76662 | Zot:5    | Noticed an ancient lich
 76679 | Zot:5    | Killed an ancient lich
 77079 | Zot:5    | Got the Orb of Zot
 77500 | D:11     | Noticed a seraph
 77548 | D:10     | Gained mutation: Your body sometimes deteriorates upon
                  | taking damage. [a cacodemon]
 77781 | D:$      | Escaped with the Orb!

Skill      XL: |  1  2  3  4  5  6  7  8  9 10 11 12 13 14 15 16 17 18 19 20 21 22 23 24 25 26 |
---------------+-------------------------------------------------------------------------------+-----
Axes           | 3 4 5 6 8 9 11 13 14 15 17 18 | 18.0
Throwing       | 1 2 3 4 5 6 8 10 11 13 14 16 | 16.0
Fighting       | 5 6 7 9 10 13 16 18 19 20 21 22 25 27 | 27.0
Armour         | 4 6 8 9 10 12 14 15 17 20 21 22 | 22.5
Dodging        | 1 3 5 7 8 10 11 | 11.0
Invocations    | 2 3 4 6 9 11 14 15 19 22 | 22.2
Evocations     | 1 2 4 5 7 9 |  9.0
Shields        | 5 10 11 13 14 15 19 22 24 25 | 25.0
Polearms       | 2 12 17 | 17.6

Levels and vault maps discovered:
D:1:      mrwooster_arrival_statue, layout_basic
D:2:      layout_basic, uniq_sigmund
D:3:      layout_basic
D:4:      layout_loops_ring, nicolae_uskayaw_dance_hall,
          minmay_temple_entry_offerings, glass_columns_a, uniq_menkaure
D:5:      layout_basic, nicolae_wu_jian_immortal_techniques,
          mainiacjoe_overflow_concentric_impassable, portal_sewer_entry_e
D:6:      layout_loops_corners, nemelex_spade_bored_becter, minmay_puff
D:7:      cheibrodos_shockbox, layout_gridville,
          mainiacjoe_overflow_large_starburst, lemuel_crystal_altar,
          serial_shops, shop, serial_undead, serial_undead_b, serial_undead_c,
          serial_undead_d, serial_undead_a, minmay_misc_feat_enclosed,
          minmay_ruffians
D:8:      cheibrodos_quashed, layout_cave_pools, dk_yredelemnul_ordeal,
          mainiacjoe_overflow_alcove_1, serial_glass, glass_columns_a,
          glass_columns_a, glass_columns_a, glass_columns_a, glass_columns_b,
          glass_columns_a, glass_columns_a, glass_columns_a, uniq_pikel,
          uniq_grum, uniq_maggie
D:9:      layout_gridville, nicolae_overflow_hidden_temple,
          mainiacjoe_overflow_big_doors, serial_shops,
          nicolae_shop_tiny_waterfront, roderic_batcave
D:10:     layout_small_grid, ashenzari_conservatory_becter, enter_bailey_7
D:11:     layout_basic, lair_entry_dummy, serial_shops,
          nicolae_shop_tiny_statue_garden
D:12:     layout_long_grid, hiddenorc1_lemuel
D:13:     layout_small_grid, skrybe_vaults_entry_preservation, serial_shops,
          shop
D:14:     cheibrodos_lost_city_excavation, layout_small_grid,
          gauntlet_entry_generic, grunt_decor_fettered, kb_tengu_band,
          uniq_agnes
D:15:     grunt_enter_depths_hoard, layout_stronghold,
          chequers_serial_rivers_micro_d, uniq_nessos, uniq_kirke
Temple:   hellmonk_temple_beads
Lair:1:   layout_hall_layers, serial_bayou_shore_a, lemuel_fruit_fields,
          grunt_megastairs_2
Lair:2:   layout_regular_city, minmay_shoals_entry_centaurs, dummy_snake_entry,
          nicolae_volcano_entry_vermiform, serial_rivers,
          chequers_serial_rivers_room_a, chequers_serial_rivers_large_a,
          chequers_serial_rivers_micro_c, chequers_serial_rivers_small_b,
          chequers_serial_rivers_room_b, uniq_amaemon
Lair:3:   layout_cellular_growth
Lair:4:   layout_cave_pods, st_stairs_10
Lair:5:   minmay_lair_end_enchanted_forest, layout_gridlike, slime_entry_1,
          ebering_ghost_xom, lemuel_fruit_tree
Shoals:1: cheibrodos_shoals_oceanic_diplomacy, layout_shoals
Shoals:2: layout_shoals, gammafunk_ghost_necromancy
Shoals:3: layout_shoals, serial_shops, nicolae_shop_trees, uniq_mara
Shoals:4: shoals_end_hellmonk_storm_palace [storm_palace_center_ruins,
          storm_palace_corner_altar, storm_palace_corner_grid,
          storm_palace_corner_blocked, storm_palace_corner_narrow], serial_shops
Snake:1:  layout_chambers, uniq_aizul, uniq_donald, uniq_roxanne
Snake:2:  layout_layer_cave, serial_shops, shop, shop, shop,
          nicolae_shop_advertising_works [nicolae_subvault_shop_adworks]
Snake:3:  layout_chambers, nicolae_snake_salamander_fort, nicolae_integral_box,
          uniq_azrael
Snake:4:  minmay_snake_end_coiled, layout_rooms, special_room,
          portal_ice_cave_entry_pillars_1, basic_altar
Slime:1:  cheibrodos_slime_lost_civilization_8, layout_caves
Slime:2:  layout_caves
Slime:3:  layout_caves
Slime:4:  layout_caves
Slime:5
Orc:1:    layout_caves, basic_altar, uniq_erolcha
Orc:2:    grunt_orc_gardens, layout_caves, grunt_orc_garden, grunt_orc_garden,
          grunt_orc_garden, grunt_orc_garden, basic_altar, mines2_lemuel,
          uniq_urug
Elf:1:    layout_geoelf_grid, serial_shops, bzr_entry_water, orc_legates,
          minivault_8, minmay_shop_star
Elf:2:    nicolae_elf_blades_splatter_lattice
          [nicolae_blade_entry_diamond_columns], layout_loops_cross,
          serial_shops, nicolae_stop_n_shop_1, shop, nicolae_shop_behind_doors,
          evilmike_spriggan_trog_shrine
Elf:3:    minmay_elf_hall_hex, layout_onion_city, dreamdust_princess_corridor,
          uniq_nikola
Vaults:1: ontoclasm_vaults_ligature, vaults_room_stairs_pillars, v_misc_26,
          v_misc_33, dpeg_vaults_monster_box, hangedman_vaults_nails, v_misc_22,
          nicolae_vaults_rhombus_7, ontoclasm_vaults_gateway,
          ontoclasm_vaults_chip, layout_vaults_omnigrid
Vaults:2: ontoclasm_vaults_shout, v_misc_9, vaults_room_door_hall,
          vaults_room_fours, v_rooms_2, nicolae_vaults_big_angled_halls,
          ontoclasm_vaults_hangar, v_rooms_1, vaults_mumra_minichess_inversion,
          vaults_room_stairs_pillars, v_misc_22, vaults_room_pool, v_misc_17,
          nicolae_vaults_little_squares_5, nicolae_vaults_diagonal_hallway_8,
          vaults_dpeg_ring, layout_vaults_big_cross, uniq_frederick
Vaults:3: nicolae_vaults_theta, minmay_crypt_entry_simple_plaza,
          nicolae_vaults_little_squares_4, nicolae_vaults_back_hallway,
          ontoclasm_vaults_loading_screen, hangedman_vaults_slither,
          vaults_room_door_hall, nicolae_vaults_mini_display_case,
          nicolae_vaults_diagonal_hallway_8, layout_vaults_maze_snakey
Vaults:4: hangedman_vaults_unwind, ontoclasm_vaults_chip, ontoclasm_vaults_chip,
          nicolae_vaults_stairing_the_circle, vaults_standard_mumra_x,
          vaults_dpeg_hooks, v_misc_26, nicolae_vaults_rhombus_6, v_misc_17,
          vaults_room_pools, vaults_room_octagon, layout_vaults_big_room,
          serial_shops, nicolae_book_shop_shelving
Crypt:1:  layout_misc_corridors, hex_medium, uniq_saint_roka, uniq_grunn
Crypt:2:  layout_catacombs, basic_altar, uniq_zenata
Crypt:3:  church_of_pain_bobbens, layout_chaotic_city,
          nicolae_tomb_entry_grand_gallery
Tomb:1
Depths:1: layout_twisted_cross, enter_ziggurat_a, grunt_hell_entry_dis_grunt,
          abyss_entry_flame_altar, serial_sigils_hangedman_gut,
          serial_bayou_lagoon_a, minivault_12, uniq_bai_suzhen, uniq_sojobo
Depths:2: nzn_winding_woodlands_large [nzn_winding_woodlands_5x5_default,
          nzn_winding_woodlands_5x15_twine, nzn_winding_woodlands_5x5_open_star,
          nzn_winding_woodlands_center_garden,
          nzn_winding_woodlands_15x15_killbox,
          nzn_winding_woodlands_center_diamonds,
          nzn_winding_woodlands_5x5_checkerboard,
          nzn_winding_woodlands_5x15_default, nzn_winding_woodlands_5x5_three],
          layout_basic, hellmouth_1, infiniplex_enter_wizlab_glasses,
          grunt_pan_entry_in_and_out, enter_trove_2, okawaru_ov_weapons_minmay,
          kennysheep_big_empty_room, roderic_serpentine_path,
          yredelemnul_forgotten_temple_becter
Depths:3: minmay_the_grid_net [minmay_the_grid_all_tris,
          minmay_the_grid_zigzag_pyramid, minmay_the_grid_pillar_ring,
          minmay_the_grid_rooms, minmay_the_grid_outer_circle,
          minmay_the_grid_prize_trominoes], layout_basic, abyss_entry,
          minmay_misc_feat_tiny, hell_entry
Depths:4: grunt_zot_entry_gee_three, layout_honeycomb, hell_entry,
          hangedman_abyss_or_decor_passed
Hell
Zot:1:    layout_gridlike, grunt_ministairs_1, nicolae_transporter_circle
Zot:2:    lemuel_draconian_sentries_small, layout_gridlike
Zot:3:    layout_onion_interference, chequers_guarded_unrand_mask_of_the_dragon
Zot:4:    kennysheep_bubbly, layout_cellular_growth, grunt_megastairs_4,
          uniq_parghit, uniq_tiamat
Zot:5:    layout_cathedral_of_symmetry, st_stairs_1

Vanquished Creatures
  the Royal Jelly (Slime:5)
  An ancient lich (Zot:5)
  3 dread liches
  Tiamat (Zot:4)
  3 orbs of fire
  Mara (Shoals:3)
  Sojobo (Depths:1)
  Bai Suzhen (Depths:1)
  2 royal mummies (Tomb:1)
  2 Killer Klowns
  Frederick (Vaults:2)
  Saint Roka (Crypt:1)
  A curse toe (Zot:3)
  Geryon (Hell)
  3 caustic shrikes (Depths:2)
  Nikola (Elf:3)
  10 golden dragons
  3 bone dragons
  19 tentacled monstrosities
  2 Ice Fiends (IceCv)
  25 Orb Guardians
  Zenata (Crypt:2)
  4 electric golems
  7 titans
  6 quicksilver dragons
  3 liches
  6 deep elf blademasters
  Murray (Hell)
  A walking divine tome (Depths:3)
  5 deep elf master archers
  14 ancient champions
  11 death cobs
  15 acid blobs
  2 krakens
  An Executioner (D:14)
  10 shadow dragons
  9 sphinxes
  Agnes (D:14)
  11 storm dragons
  7 tengu reavers
  Kirke (D:15)
  Donald (Snake:1)
  5 draconian monks
  5 nagarajas
  4 revenants
  6 azure jellies
  13 fire giants
  5 draconian knights
  8 deep elf sorcerers
  6 rockslimes
  2 balrugs
  21 frost giants
  A draconian scorcher (Zot:4)
  4 ghouls
  4 ghost moths
  6 iron dragons
  7 vault wardens
  Aizul (Snake:1)
  2 curse skulls (Crypt:1)
  The ghost of leviel the Severer, a journeyman HOFi of Gozag (Lair:5)
  A spectral juggernaut (Depths:2)
  5 reapers
  2 draconian stormcallers
  2 cacodemons
  2 draconian shifters (Zot:4)
  A spriggan defender (Depths:3)
  8 draconian annihilators
  3 war gargoyles
  3 quicksilver oozes
  A caustic shrike skeleton (Crypt:3)
  10 ironbound preservers
  4 deep elf elementalists (Elf:3)
  A demonspawn blood saint (D:15)
  4 orc warlords
  24 stone giants
  9 very ugly things
  A juggernaut skeleton (Crypt:3)
  12 vampire knights
  12 green draconians
  Nessos (D:15)
  7 deep elf demonologists
  3 ironbound thunderhulks
  A lorocyproca (Depths:2)
  6 deep elf annihilators (Elf:3)
  Azrael (Snake:3)
  8 dire elephants
  11 yellow draconians
  18 purple draconians
  6 white draconians
  16 black draconians
  A minotaur (Gauntlet)
  9 red draconians
  8 spark wasps
  9 statues (WizLab)
  6 eidola
  5 blizzard demons
  9 merfolk impalers
  6 jiangshi
  8 deep elf death magi
  A green death (Hell)
  3 ettins
  12 fire dragons
  2 crystal guardians (Vaults:4)
  2 entropy weavers
  10 merfolk javelineers (Shoals:4)
  10 great orbs of eyes
  6 mummy priests (Tomb:1)
  3 deep elf high priests
  7 yaktaur captains
  An entropy weaver (shapeshifter) (Elf:3)
  3 rakshasas
  6 vault guards
  9 ice dragons
  A quicksilver dragon skeleton (Crypt:3)
  Erolcha (Orc:1)
  A caustic shrike simulacrum (IceCv)
  6 salamander tyrants
  4 spriggan skeletons
  4 peacekeepers
  A catoblepas (Gauntlet)
  3 hydras
  6 ironbound frosthearts
  9 anacondas
  17 centaur warriors
  3 spriggan air magi
  3 merfolk avatars
  4 satyrs
  16 dancing weapons
  7 merfolk aquamancers (Shoals:4)
  16 naga warriors
  5 two-headed ogres
  A boulder beetle (Vaults:3)
  A fenstrider witch skeleton (Crypt:3)
  3 deep troll shamans
  10 death scarabs (Tomb:1)
  12 death yaks
  8 vampire magi
  8 deep troll earth magi
  3 orc high priests (Orc:2)
  15 spriggan berserkers
  7 tengu warriors
  9 shock serpents
  Urug (Orc:2)
  13 hell knights
  9 naga sharpshooters
  4 sun demons
  A titan skeleton (Crypt:3)
  13 soul eaters
  18 deep elf knights
  9 skysharks
  Amaemon (Lair:2)
  13 iron trolls
  2 shadow wraiths (Hell)
  8 sixfirhies
  A golden dragon zombie (Depths:2)
  5 salamander mystics
  6 glowing orange brains
  50 skeletal warriors
  5 flayed ghosts
  49 deep trolls
  9 naga ritualists
  2 bog bodies
  3 lindwurms
  8 sea snakes
  A sea snake (shapeshifter) (Depths:1)
  29 deep elf archers
  A golden dragon skeleton (Crypt:2)
  3 spriggan simulacra (IceCv)
  12 wizards
  A wolf spider zombie (Crypt:3)
  6 necromancers
  37 deep elf pyromancers
  6 orc knights
  10 phantasmal warriors
  Pikel (D:8)
  8 harpies (Shoals:2)
  5 ironbound convokers
  An obsidian statue (IceCv)
  A sphinx zombie (Depths:2)
  A bunyip skeleton (Crypt:3)
  4 anaconda skeletons (Crypt:3)
  2 iron giant skeletons
  10 mana vipers
  2 shadow dragon skeletons
  A salamander (shapeshifter) (Elf:1)
  20 fauns
  4 shining eyes
  18 deep elf zephyrmancers
  A sphinx skeleton (Crypt:2)
  8 orc sorcerers
  A tengu skeleton (Depths:2)
  50 ugly things
  23 moths of wrath
  28 salamanders
  7 cyclopes
  2 iron dragon skeletons
  9 elephants
  16 manticores
  4 merfolk sirens
  7 rust devils
  4 guardian serpents
  19 naga magi
  24 black mambas
  5 cane toads
  A black mamba (shapeshifter) (D:13)
  13 vault sentinels
  2 torpor snails
  A dire elephant zombie (Tomb:1)
  2 gargoyles
  6 molten gargoyles
  9 smoke demons
  12 water nymphs
  4 orange demons
  A naga skeleton (Crypt:3)
  Maggie (D:8)
  2 rime drakes
  A yaktaur (shapeshifter) (Vaults:2)
  An efreet (D:13)
  10 komodo dragons
  A sea snake zombie (Hell)
  26 yaktaurs
  An unseen horror zombie (D:7)
  2 kobold demonologists
  A purple draconian zombie (Crypt:2)
  A yaktaur zombie (Vaults:3)
  14 guardian mummies
  15 freezing wraiths
  A minotaur skeleton (Crypt:1)
  2 anaconda simulacra
  A golden dragon simulacrum (IceCv)
  An unseen horror (D:12)
  2 hydra zombies (Hell)
  3 dire elephant skeletons
  3 tormentors
  2 harpy zombies
  4 ice devils (IceCv)
  25 tengu conjurers
  11 hornets
  An iron troll skeleton (Crypt:2)
  6 trolls
  3 meliai (D:14)
  3 polar bears (Lair:5)
  A troll (shapeshifter) (D:15)
  A tarantella (shapeshifter) (D:15)
  6 wind drakes
  32 merfolk
  6 snapping turtles
  3 hellwings (Depths:2)
  A harpy skeleton (Crypt:3)
  Prince Ribbit (Bailey)
  2 dream sheep (Lair:5)
  32 blink frogs
  A hydra skeleton (Hell)
  2 centaur simulacra
  A stone giant simulacrum (Vaults:4)
  2 alligator skeletons
  67 slime creatures
  25 flying skulls
  2 black mamba zombies
  A guardian serpent skeleton (Crypt:3)
  A shadow (D:9)
  4 air elementals
  4 hogs (D:15)
  2 vampires
  19 spriggans
  Sigmund (D:2)
  A jumping spider (Vaults:4)
  11 humans
  2 ettin skeletons
  28 water elementals
  A ynoxinul (Depths:2)
  2 basilisks
  4 steam dragons
  Grum (D:8)
  10 wraiths
  8 fire elementals
  2 golden eyes (Slime:4)
  A human simulacrum (Vaults:4)
  4 redbacks
  A sea snake simulacrum (Hell)
  A yak (shapeshifter) (D:13)
  2 vampire mosquitoes (D:14)
  30 yaks
  2 chaos spawn
  3 minotaur simulacra (IceCv)
  A redback (shapeshifter) (Depths:3)
  A fire bat zombie (Crypt:3)
  58 nagas
  2 wargs
  A harpy simulacrum (IceCv)
  Menkaure (D:4)
  2 large abominations (D:15)
  An entropy weaver zombie (Vaults:3)
  2 acid dragons (D:10)
  5 hell hounds
  12 water moccasins
  A glowing shapeshifter skeleton (Depths:2)
  2 hydra simulacra
  3 ice beasts
  31 orc warriors
  8 black bears
  Pargi (Sewer)
  2 hornet zombies (D:7)
  An alligator simulacrum (Hell)
  7 boggarts
  12 centaurs
  7 ogres
  17 wolves
  A phantom (D:6)
  2 lemures (D:8)
  3 kobold brigands
  2 human zombies
  14 bullfrogs
  A gnoll sergeant (D:10)
  4 scorpions
  2 necrophages (Crypt:3)
  A wyvern zombie (D:7)
  4 earth elementals
  4 deep troll simulacra (IceCv)
  A water moccasin zombie (D:7)
  11 wights
  A raiju zombie (Crypt:2)
  13 killer bees
  A water moccasin skeleton (Crypt:1)
  A shapeshifter zombie (Crypt:3)
  A polar bear skeleton (Crypt:1)
  2 vampire bats (D:9)
  4 howler monkeys
  An electric eel (Lair:1)
  A bullfrog zombie (D:7)
  3 centaur zombies
  2 jellies
  3 quasits (D:8)
  17 orc priests
  A gnoll bouda (D:9)
  5 hounds
  3 iguanas
  19 orc wizards
  3 hell rats
  2 human skeletons
  2 killer bee zombies (D:7)
  An acid dragon zombie (Crypt:2)
  An acid dragon skeleton (Crypt:1)
  16 mummies
  9 gnolls
  6 adders
  5 shadow imps
  An ufetubus (D:5)
  A jelly zombie (Crypt:1)
  A lava snake zombie (Crypt:2)
  A lava snake skeleton (Crypt:2)
  2 worms
  2 dart slugs (D:1)
  81 orcs
  15 ball pythons
  8 endoplasms
  3 giant cockroaches
  11 goblins
  9 hobgoblins
  6 jackals (D:1)
  3 quokkas
  14 bats
  8 frilled lizards
  A goblin skeleton (D:8)
  A goblin zombie (Crypt:3)
  A jackal skeleton (D:8)
  19 kobolds
  A kobold zombie (Crypt:2)
  5 rats
  3 tentacles (Shoals:2)
2500 creatures vanquished.

Vanquished Creatures (others)
  A demonspawn blood saint (D:15)
  A deep elf annihilator (Elf:3)
  A naga sharpshooter (Snake:3)
  4 wizards
  A molten gargoyle (Elf:1)
  A tengu conjurer (WizLab)
  An orc warrior (Elf:1)
  An orc priest (Elf:1)
  A hell rat (Hell)
  31 fungi
  172 plants
  9 tentacles
224 creatures vanquished.

Grand Total: 2724 creatures vanquished
